 Dungeon Sprint DCSS version 0.22.0-18-ge075c0d (webtiles) character file.

18 poirepourri the Bludgeoner (level 8, -1/46 HPs)
             Began as a Gargoyle Fighter on Aug 18, 2018.
             Was an Initiate of Gozag.
             Slain by a merfolk
             ... wielding a cursed +0 trident
              (9 damage)
             ... in the Dungeon (Sprint VI: "Thunderdome").
             The game lasted 00:01:36 (448 turns).

poirepourri the Bludgeoner (Gargoyle Fighter)        Turns: 448, Time: 00:01:37

Health: -1/46      AC: 13    Str: 28    XL:     8   Next: 33%
Magic:  8/8        EV:  6    Int:  9    God:    Gozag
Gold:   894        SH:  0    Dex: 18    Spells: 7/7 levels left

rFire    + + .     SeeInvis .   a - +0 flail (elec)
rCold    + . .     Gourm    +   c - +0 shield
rNeg     + + +     Faith    .   b - +0 scale mail
rPois    ∞         Spirit   .   (no helmet)
rElec    +         Reflect  .   d - +0 cloak
rCorr    +         Harm     .   (no gloves)
MR       ++...     NoTele   +   (no boots)
Stlth    +.........             q - amulet of Soziafan {Gourm rF+ MR+}
HPRegen  0.15/turn              p - ring "Lafif" {rPois rN++ Str+3}
MPRegen  0.11/turn              r - ring of Uppoolyfali {MR+ Dex+2}

@: mighty, agile, resistant, gold aura, held
A: negative energy resistance 1, electricity resistance, unbreathing,
petrification resistance, rot immunity, AC +5
a: Potion Petition, Call Merchant, Bribe Branch, Renounce Religion


You were in the Dungeon.
You worshipped Gozag.
Gozag was pleased with you.
You were not hungry.

You visited 1 branch You collected 1274 gold pieces.
You spent 380 gold pieces at shops.

Inventory:

Hand Weapons
 a - a +0 flail of electrocution (weapon)
Armour
 b - a +0 scale mail (worn)
 c - a +0 shield (worn)
 d - a +0 cloak (worn)
Jewellery
 p - the ring "Lafif" (left hand) {rPois rN++ Str+3}
   (You bought it in a shop in the Dungeon)

   [ring of poison resistance]

   It affects your strength (+3).
   It protects you from poison.
   It greatly protects you from negative energy.
 q - the amulet of Soziafan (around neck) {Gourm rF+ MR+}
   (You bought it in a shop in the Dungeon)

   [amulet of the gourmand]

   It allows you to eat raw meat even when not hungry.
   It protects you from fire.
   It affects your resistance to hostile enchantments.
 r - the ring of Uppoolyfali (right hand) {MR+ Dex+2}
   (You bought it in a shop in the Dungeon)

   [ring of protection from magic]

   It affects your dexterity (+2).
   It affects your resistance to hostile enchantments.
Wands
 m - a wand of acid (3)
 n - a wand of iceblast (5)
Scrolls
 k - 4 scrolls of blinking
 o - 3 scrolls of fog
Potions
 e - a potion of curing
 g - 4 potions of heal wounds
 h - 4 potions of haste
 i - 2 potions of magic
 j - a potion of berserk rage
 l - a potion of resistance
Comestibles
 f - a ration


   Skills:
 - Level 3.2 Fighting
 + Level 16.7 Maces & Flails
 - Level 3.2 Armour
 - Level 3.2 Shields


You had 7 spell levels left.
You didn't know any spells.
Your spell library was empty.

Dungeon Overview and Level Annotations

Branches:
Dungeon (1/1)

Altars:
Cheibriados
Dithmenos
Fedhas
Gozag
Kikubaaqudgha
Makhleb
Okawaru
Qazlal
Ru
Sif Muna
Trog
Uskayaw
Vehumet
Wu Jian
Xom
Yredelemnul
Zin
The Shining One
Beogh
Jiyva
Lugonu

Shops:
D *[%??*?*:[((!!!!


Innate Abilities, Weirdness & Mutations

You are resistant to torment.
Your stone body is resilient. (AC +5)
You are immune to poison.
You resist negative energy. (rN+)
You are resistant to electric shocks. (rElec)
You can survive without breathing.
You are immune to petrification.
You are immune to rotting.


Message History

You see here a throwing net.
You struggle against the net.
You struggle against the net.
You struggle against the net.
The merfolk hits you from afar with a trident!
You struggle against the net.
The merfolk hits you from afar with a trident!
* * * LOW HITPOINT WARNING * * *
You are too injured to fight recklessly!
Unknown command.
Okay, then. [a] - 0 gold - might, agility and resistance [b] - 0 gold - haste, agility and flight [c] - 0 gold - haste and resistance Purchase which effect?
You feel very mighty all of a sudden.
You feel agile all of a sudden.
You feel protected.
The merfolk hits you from afar with a trident!
You die...
Your body crumbles into a pile of gold.

##⌠⌠⌠## #.....# ##.....##
##∩.....∩## #∩.......∩#
#_......._# #....m..._#
#_......._# ###......@..###
#⌠...........⌠#
######.8........(8.######
##∩__....)..###......___∩##
##∩........8.# #.8........∩###
.=...........###.............##
..........###...###..........⌠#
..........# #.<.# #..........⌠#
.........)###...###..........⌠#


You could see a merfolk.

Vanquished Creatures
  A merfolk siren (D)
  A merfolk (D)
  A hippogriff (D)
  A porcupine (D)
  Purgy (D)
  2 gnoll sergeants (D)
  Crazy Yiuf (D)
  2 gnolls (D)
  A river rat (D)
  2 rats (D)
13 creatures vanquished.

Notes
Turn   | Place    | Note
-------+----------+-------------------------------------------
     0 | D        | poirepourri the Gargoyle Fighter began the quest for the Orb.
     0 | D        | Reached XP level 1. HP: 14/14 MP: 1/1
     3 | D        | Found a burning altar of Makhleb.
     4 | D        | Found a glowing silver altar of Zin.
     5 | D        | Found a roughly hewn altar of Beogh.
     5 | D        | Found an opulent altar of Gozag.
     5 | D        | Round 1.
     6 | D        | Found Dicuirph's Delicious Food.
     6 | D        | Found a corrupted altar of Lugonu.
     6 | D        | Found a hide-covered altar of Uskayaw.
     6 | D        | Found Larimp's Identification Station.
     7 | D        | Found Qulu's Jewellery.
     7 | D        | Found Daiqaul's Advanced Armour.
    15 | D        | Bought a clouded bone ring for 45 gold pieces
    15 | D        | Bought a brightly glowing emerald amulet for 45 gold pieces
    15 | D        | Bought a transparent marble ring for 45 gold pieces
    15 | D        | Identified the ring "Lafif" {rPois rN++ Str+3} (You bought it in a shop in the Dungeon)
    16 | D        | Identified the ring of Uppoolyfali {MR+ Dex+2} (You bought it in a shop in the Dungeon)
    17 | D        | Identified the amulet of Soziafan {Gourm rF+ MR+} (You bought it in a shop in the Dungeon)
    18 | D        | Bought a brightly glowing silver ring for 45 gold pieces
    19 | D        | Identified the ring of the Imp {rElec rF+ MP-9 Int+8 Dex-5} (You bought it in a shop in the Dungeon)
    42 | D        | Found a glowing golden altar of the Shining One.
    42 | D        | Found a shimmering altar of Xom.
    42 | D        | Found Qusu's Premium Goods.
    42 | D        | Found Sacaubon's Miscellaneous Merchandise.
    43 | D        | Found Udou's Basic Armour.
    44 | D        | Found a deep blue altar of Sif Muna.
    44 | D        | Found a radiant altar of Vehumet.
    44 | D        | Found a sacrificial altar of Ru.
    44 | D        | Found Guniteuts's Weapon Rack.
    44 | D        | Noticed a gnoll sergeant
    52 | D        | Became a worshipper of Gozag Ym Sagoz the Greedy
    55 | D        | Killed a gnoll sergeant
    55 | D        | Reached skill level 7 in Maces & Flails
    55 | D        | Reached XP level 2. HP: 19/19 MP: 2/2
    55 | D        | Reached XP level 3. HP: 23/23 MP: 3/3
    55 | D        | Reached XP level 4. HP: 28/28 MP: 4/4
    61 | D        | Reached skill level 8 in Maces & Flails
    73 | D        | Found an iron altar of Okawaru.
    74 | D        | Found a blossoming altar of Fedhas.
    75 | D        | Found a shadowy altar of Dithmenos.
    76 | D        | Found Wyxkilut's Do-It-Yourself Clinic.
    77 | D        | Found Ebohemm's Bottled Wisdom.
    77 | D        | Found Gumefieb's Distillery.
    78 | D        | Found a stormy altar of Qazlal.
    78 | D        | Found a viscous altar of Jiyva.
    78 | D        | Found a bloodstained altar of Trog.
    78 | D        | Found Rerphizosh's Distillery.
   109 | D        | Found a snail-covered altar of Cheibriados.
   110 | D        | Found an ancient bone altar of Kikubaaqudgha.
   111 | D        | Found a basalt altar of Yredelemnul.
   112 | D        | Found Opaulu's Staff Store.
   113 | D        | Found an ornate altar of the Wu Jian Council.
   113 | D        | Found Xaskowk's Magic Scroll Shop.
   113 | D        | Found Zaovey's Must-Have Magic.
   113 | D        | Found Ummi's Magic Scroll Shop.
   142 | D        | Noticed Crazy Yiuf
   150 | D        | Killed Crazy Yiuf
   150 | D        | Reached skill level 9 in Maces & Flails
   171 | D        | Noticed a gnoll sergeant
   178 | D        | Killed a gnoll sergeant
   178 | D        | Reached skill level 10 in Maces & Flails
   178 | D        | Reached XP level 5. HP: 27/32 MP: 5/5
   192 | D        | Arena points: 6 (+6) [x1]
   207 | D        | Round 2.
   209 | D        | Noticed Purgy
   221 | D        | Killed Purgy
   221 | D        | Reached skill level 12 in Maces & Flails
   221 | D        | Reached XP level 6. HP: 29/37 MP: 6/6
   282 | D        | Bought a scroll of brand weapon for 200 gold pieces
   316 | D        | Noticed a porcupine
   324 | D        | Killed a porcupine
   324 | D        | Reached skill level 13 in Maces & Flails
   331 | D        | Arena points: 18 (+12) [x1]
   346 | D        | Round 3.
   357 | D        | Noticed a merfolk siren
   366 | D        | Killed a merfolk siren
   366 | D        | Reached skill level 15 in Maces & Flails
   366 | D        | Reached XP level 7. HP: 31/41 MP: 7/7
   385 | D        | Noticed a merfolk
   393 | D        | Killed a merfolk
   393 | D        | Reached skill level 16 in Maces & Flails
   393 | D        | Reached XP level 8. HP: 31/46 MP: 8/8
   426 | D        | Noticed a hippogriff
   432 | D        | Killed a hippogriff
   441 | D        | Noticed a merfolk
   448 | D        | Slain by a merfolk

Skill      XL: |  1  2  3  4  5  6  7 |
---------------+----------------------+-----
Maces & Flails | 7 10 12 15 16 | 16.7
Fighting       | |  3.2
Armour         | |  3.2
Shields        | |  3.2

Action                   |  1- 3 |  4- 6 |  7- 9 || total
-------------------------+-------+-------+-------++-------
Melee: Flail             |       |    37 |     5 ||    42
Invok: Potion Petition   |       |       |     1 ||     1
Evoke: Wand              |     1 |     1 |       ||     2
  Use: Potion            |     1 |       |       ||     1
       Scroll            |       |     1 |       ||     1
Armor: Scale mail        |       |    20 |     4 ||    24
Dodge: Dodged            |       |     7 |     1 ||     8
Block: Shield            |       |     9 |     3 ||    12
